 Dungeon Crawl Stone Soup version 0.30-a0-1016-gfb0d676c02 (webtiles) character file.

Game seed: 11476997667674073352

119 Demosthentine the Ducker (level 4, -3/35 HPs)
             Began as a Demonspawn Gladiator on Apr 6, 2023.
             Slain by a gnoll
             ... wielding a +0 flail
              (12 damage)
             ... on level 3 of the Dungeon.
             The game lasted 00:01:49 (2000 turns).

Demosthentine the Ducker (Demonspawn Gladiator)     Turns: 2000, Time: 00:01:50

Health: -3/35      AC:  4    Str: 16    XL:     4   Next: 73%
Magic:  13/13      EV: 17    Int: 10    God:
Gold:   268        SH:  0    Dex: 14    Spells: 3/3 levels left

rFire   . . .      SeeInvis +    a - +0 trident
rCold   . . .      Faith    .    (no shield)
rNeg    . . .      Spirit   .    b - +0 leather armour
rPois   .          Reflect  .    c - +0 helmet
rElec   .          Rampage  .    (no cloak)
rCorr   .                        (no gloves)
Will    .....                    (no boots)
Stlth   +                        (no amulet)
HPRegen 0.25/turn                h - ring of see invisible
MPRegen 0.13/turn                j - ring of magical power

@: agile
A: powered by death 2, powered by pain 1
a: no special abilities


You were on level 3 of the Dungeon.
You visited 1 branch of the dungeon, and saw 3 of its levels.

You collected 268 gold pieces.

Inventory:

Hand Weapons
 a - a +0 trident (weapon)
Missiles
 d - 5 throwing nets (quivered)
 e - a javelin
Armour
 b - a +0 leather armour (worn)
 c - a +0 helmet (worn)
Jewellery
 h - a ring of see invisible (left hand)
 j - a ring of magical power (right hand)
Scrolls
 f - a scroll of noise {unknown}
 k - a scroll of enchant weapon {unknown}
Potions
 g - 2 potions of invisibility
 i - 2 potions of might
 l - a potion of cancellation {unknown}


   Skills:
 + Level 3.0 Fighting
 + Level 3.4 Polearms
 - Level 1.7 Throwing
 + Level 1.8 Armour
 + Level 3.4 Dodging


You had 3 spell levels left.
You didn't know any spells.
Your spell library was empty.

Dungeon Overview and Level Annotations

Branches:
Dungeon (3/15)

Altars:


Innate Abilities, Weirdness & Mutations

You regenerate health from kills.
You sometimes gain a little power by taking damage.


Message History

The gnoll is severely wounded.
The gnoll hits you with a +0 whip. The gnoll misses you.
You barely miss the gnoll.
The gnoll is severely wounded.
The gnoll closely misses you. The gnoll barely misses you.
You hit the gnoll.
You kill the gnoll!
The gnoll completely misses you.
You reach to attack!
You hit the gnoll but do no damage.
The gnoll is moderately wounded.
The gnoll misses you.
You reach to attack!
You hit the gnoll.
The gnoll is severely wounded.
The gnoll barely misses you.
You reach to attack!
You hit the gnoll.
You kill the gnoll!
Your Fighting skill increases to level 3!
You reach to attack!
You barely miss the gnoll. The gnoll closely misses you.
The gnoll completely misses you.
You barely miss the gnoll. The gnoll hits you with a +0 flail.
The gnoll barely misses you.
You hit the gnoll.
The gnoll is lightly wounded.
The gnoll hits you with a +0 flail!
The gnoll hits you from afar with a +0 spear.
You are too injured to fight recklessly!
You are too injured to fight recklessly!
You are too injured to fight recklessly!
You closely miss the gnoll.
The gnoll is lightly wounded.
The gnoll closely misses you. The gnoll completely misses you.
You hit the gnoll.
The gnoll is lightly wounded.
The gnoll hits you but does no damage. The gnoll hits you with a +0 flail.
You hit the gnoll.
The gnoll is severely wounded.
The gnoll hits you from afar with a +0 spear!
* * * LOW HITPOINT WARNING * * *
The gnoll hits you with a +0 flail!
You die...

.###.......#
.....#####.# #..
...#.# #.# #.#
...#.## #.# #.#
....#.## #.# #.#
...###.###.#####.#
..## ##.......##g#
##.###.###.##.##g#
###.#.## #.##.##@#
.....##
#.##.##.######
######
#.##........... #
#.......####### #
######### # # # #


You could see 2 gnolls.

Vanquished Creatures
  An orc wizard (D:3)
  2 gnolls (D:3)
  An adder (D:2)
  A worm (D:2)
  A dart slug (D:2)
  2 orcs (D:3)
  2 ball pythons (D:1)
  5 bats (D:2)
  4 endoplasms
  3 giant cockroaches
  4 goblins (D:1)
  3 hobgoblins
  7 jackals
  2 quokkas
  5 frilled lizards
  3 kobolds
  3 rats
49 creatures vanquished.

Vanquished Creatures (others)
  An orc wizard (D:3)
  2 plants (D:1)
3 creatures vanquished.

Grand Total: 52 creatures vanquished

Notes
Turn   | Place    | Note
-------+----------+-------------------------------------------
     0 | D:1      | Demosthentine the Demonspawn Gladiator began the quest for
                  | the Orb.
     0 | D:1      | Reached XP level 1. HP: 16/16 MP: 1/1
   138 | D:1      | Gained mutation: You regenerate a little health from kills.
                  | [demonic ancestry]
   138 | D:1      | Reached XP level 2. HP: 15/22 MP: 2/2
   467 | D:1      | Reached skill level 1 in Armour
   506 | D:1      | Gained mutation: You regenerate health from kills. [demonic
                  | ancestry]
   506 | D:1      | Reached XP level 3. HP: 8/28 MP: 3/3
  1881 | D:3      | Gained mutation: You sometimes gain a little power by
                  | taking damage. [demonic ancestry]
  1881 | D:3      | Reached XP level 4. HP: 28/34 MP: 4/4
  2000 | D:3      | Slain by a gnoll

Illustrated notes

Levels and vault maps discovered:
D:1:      wander_arrival_fairy_ring, layout_rooms
D:2:      layout_basic, dreamdust_wishing_well, minivault_5
D:3:      layout_loops_ring

Skill      XL: |  1  2  3  4 |
---------------+-------------+-----
Armour         | 1 |  1.8
Dodging        | 3 |  3.4
Polearms       | 3 |  3.4
Fighting       | 3 |  3.0
Throwing       | |  1.7

Action                     |  1- 3 |  4- 6 || total
---------------------------+-------+-------++-------
  Melee: Trident           |   169 |    31 ||   200
    Use: Scroll            |     3 |       ||     3
   Stab: Sleeping          |     3 |       ||     3
         Distracted        |     1 |       ||     1
         Confused          |     1 |       ||     1
 Armour: Leather armour    |    59 |     4 ||    63
  Dodge: Dodged            |   149 |    23 ||   172

Table legend: (Time is in decaauts)
 A = Elapsed time spent in this place.
 B = Non-inter-level travel time spent in this place.
 C = Inter-level travel time spent in this place.
 D = Time resting spent in this place.
 E = Time spent auto-exploring this place.
 F = Levels seen in this place.
 G = Mean time per level.
                   A        B        C        D        E       F      G
               +--------+--------+--------+--------+--------+-----+--------+
         Total |   2029 |   1981 |     48 |    181 |   1433 |   3 |  676.3 |
       Dungeon |   2029 |   1981 |     48 |    181 |   1433 |   3 |  676.3 |
               +--------+--------+--------+--------+--------+-----+--------+

Top non-repeatable levels by time:
     D:2: 900 daAuts
     D:1: 708 daAuts
     D:3: 420 daAuts
